 Dungeon Crawl Stone Soup version 0.22.1-1-ga44c0e5 (webtiles) character file.

382 Folque the Vandal (level 7, -2/48 HPs)
             Began as a Halfling Hunter on Sept 23, 2018.
             Slain by Duvessa
             ... wielding a +0 short sword
              (5 damage)
             ... on level 4 of the Dungeon.
             The game lasted 00:15:17 (3374 turns).

Folque the Vandal (Halfling Hunter)                 Turns: 3374, Time: 00:15:17

Health: -2/48      AC:  5    Str: 13 (15) XL:     7   Next: 5%
Magic:  7/7        EV: 16    Int: 16 (17) God:
Gold:   147        SH:  0    Dex: 15 (17) Spells: 6/6 levels left

rFire    . . .     SeeInvis .   a - +2 hunting sling
rCold    . . .     Gourm    .   (shield restricted)
rNeg     . . .     Faith    .   c - +1 leather armour
rPois    .         Spirit   .   x - +0 helmet
rElec    .         Reflect  .   (no cloak)
rCorr    .         Harm     .   (no gloves)
MR       .....                  (no boots)
Stlth    ++........             (no amulet)
HPRegen  0.16/turn              s - +2 ring of strength
MPRegen  0.10/turn              o - +3 ring of intelligence

@: brilliant
A: small, mutation resistance 1
a: no special abilities


You were on level 4 of the Dungeon.
You were not hungry.

You visited 1 branch of the dungeon, and saw 4 of its levels.

You collected 147 gold pieces.

Inventory:

Hand Weapons
 a - a +2 hunting sling (weapon)
 b - a +1 short sword
Missiles
 d - 60 sling bullets (quivered)
 l - 81 stones
Armour
 c - a +1 leather armour (worn)
 x - a +0 helmet (worn)
Jewellery
 o - a +3 ring of intelligence (right hand)
 s - a +2 ring of strength (left hand)
Scrolls
 i - 3 scrolls of remove curse
 t - a scroll of enchant weapon
 u - a scroll of teleportation {unknown}
 v - a scroll of enchant armour
 w - a scroll of fear {unknown}
Potions
 p - 2 potions of mutation
Comestibles
 f - 2 rations
 k - 6 chunks of flesh


   Skills:
 - Level 4.0 Fighting
 - Level 2.2 Short Blades
 * Level 7.7 Slings
 - Level 4.0 Dodging
 + Level 1.7 Stealth


You had 6 spell levels left.
You didn't know any spells.
Your spell library was empty.

Dungeon Overview and Level Annotations

Branches:
Dungeon (4/15)             Temple (0/1) D:4

Altars:
Ashenzari
Dithmenos
Kikubaaqudgha
Nemelex Xobeh
Qazlal

Annotations:
D:4 Duvessa


Innate Abilities, Weirdness & Mutations

You are small and have problems with some larger weapons.
You are somewhat resistant to further mutation.


Message History

Duvessa hits you with a short sword. Duvessa hits you with a short sword!
* * * LOW HITPOINT WARNING * * *
You feel better. Duvessa hits you with a short sword.
Duvessa hits you with a short sword!
* * * LOW HITPOINT WARNING * * *
It was a potion of degeneration.
There was something very wrong with that liquid.
You feel weakened.
You feel dopey.
You feel clumsy. Duvessa hits you with a short sword.
* * * LOW HITPOINT WARNING * * *
It was a potion of brilliance.
You feel clever all of a sudden. Duvessa hits you with a short sword.
* * * LOW HITPOINT WARNING * * *
Duvessa barely misses you.
As you read the scroll labeled INWODD HICITH, it crumbles to dust.
It is a scroll of amnesia.
You feel forgetful for a moment. Duvessa hits you with a short sword.
You die...

.# *,,,,*#....# #.##..........#,,
.# ******#....# #.............#**
)# ###....######..........### ?#
#..........##..........Po.
)#######..)................[..Po.
....<)))...............)......#o.
...#####......................#,.
...# #......................#*,
...# ##......e@.##..#.......#,,
(########.........###...._....#,,
..(.(.............# #......_..#,,
88#..(............# #.........#,,
..8.........####### #._..8....#,,
>a8....(....# #.........#,,
..8.....##### ##....._..#,,
.8#.....#************#..._....#,,
.((..%..#,,,,,,,,,,,,##.......#*,


You could see Duvessa (berserk).

Vanquished Creatures
  Dowan (D:4)
  A crimson imp (D:2)
  An orc priest (D:3)
  An iguana (D:4)
  An orc wizard (D:3)
  A worker ant (D:4)
  Robin (D:4)
  3 gnolls (D:3)
  5 adders
  An adder skeleton (D:3)
  2 worms
  2 dart slugs
  3 leopard geckos (D:1)
  7 orcs
  2 ball pythons
  4 bats
  4 giant cockroaches
  8 hobgoblins
  8 jackals
  8 kobolds
  2 quokkas (D:3)
  10 frilled lizards
  12 goblins
  7 rats
95 creatures vanquished.

Vanquished Creatures (others)
  2 plants (D:4)
2 creatures vanquished.

Grand Total: 97 creatures vanquished

Notes
Turn   | Place    | Note
-------+----------+-------------------------------------------
     0 | D:1      | Folque the Halfling Hunter began the quest for the Orb.
     0 | D:1      | Reached XP level 1. HP: 14/14 MP: 1/1
    98 | D:1      | Reached skill level 6 in Slings
   122 | D:1      | Reached XP level 2. HP: 10/19 MP: 2/2
   696 | D:1      | Reached XP level 3. HP: 22/25 MP: 3/3
  1215 | D:2      | Reached XP level 4. HP: 4/31 MP: 4/4
  1713 | D:2      | Reached skill level 7 in Slings
  1713 | D:2      | Reached XP level 5. HP: 36/36 MP: 5/5
  2200 | D:3      | Reached skill level 1 in Short Blades
  2364 | D:3      | Reached XP level 6. HP: 42/43 MP: 6/6
  2961 | D:4      | Noticed Robin
  2970 | D:4      | Noticed Duvessa
  3200 | D:4      | Found a shadowy altar of Dithmenos.
  3204 | D:4      | Killed Robin
  3205 | D:4      | Found a sparkling altar of Nemelex Xobeh.
  3212 | D:4      | Found a stormy altar of Qazlal.
  3214 | D:4      | Found a shattered altar of Ashenzari.
  3215 | D:4      | Found an ancient bone altar of Kikubaaqudgha.
  3326 | D:4      | Found a staircase to the Ecumenical Temple.
  3329 | D:4      | Noticed Dowan
  3356 | D:4      | Killed Dowan
  3356 | D:4      | Reached XP level 7. HP: 44/48 MP: 7/7
  3374 | D:4      | Slain by Duvessa

Skill      XL: |  1  2  3  4  5  6 |
---------------+-------------------+-----
Fighting       | 2 3 4 |  4.0
Slings         | 6 7 |  7.7
Short Blades   | 1 2 |  2.2
Dodging        | 3 4 |  4.0
Stealth        | |  1.7

Action                   |  1- 3 |  4- 6 |  7- 9 || total
-------------------------+-------+-------+-------++-------
Melee: Short sword       |   107 |    98 |       ||   205
 Fire: Hunting sling     |    20 |    94 |     3 ||   117
Throw: Throwing net      |       |       |     1 ||     1
  Use: Scroll            |       |     8 |     2 ||    10
       Potion            |       |       |     3 ||     3
 Stab: Sleeping          |     1 |     3 |       ||     4
       Distracted        |       |     1 |       ||     1
  Eat: Chunk             |     1 |     7 |       ||     8
Armor: Leather armour    |    27 |    14 |       ||    41
Dodge: Dodged            |   106 |    76 |     2 ||   184
